[Event "FIDE WCCC Girls-10 2024"]
[Site "Montesilvano"]
[Date "2024.11.25"]
[Round "10.1"]
[White "Tselmuun, Ider"]
[Black "Yang, Aimee"]
[Result "0-1"]
[ECO "D01"]
[WhiteElo "1846"]
[BlackElo "1864"]
[Annotator "NA RC"]
[PlyCount "148"]
[EventDate "2024.11.18"]
[EventType "swiss"]
[EventCountry "ITA"]
[SourceTitle "playchess.com"]
[Source "ChessBase"]
[SourceQuality "1"]
[TimeControl "5400+30"]

1. d4 Nf6 2. Bg5 d5 3. Nc3 g6 4. Bxf6 exf6 5. e3 c6 6. Bd3 Bg7 7. h4 h5 8. Nge2 b6 9. Nf4 f5 10. g3 Ba6 11. O-O O-O 12. Nce2 Bxd3 13. Qxd3 Nd7 14. c4 Nf6 15. Rac1 Qd7 16. cxd5 Nxd5 17. Nxd5 Qxd5 18. Nf4 Qd7 19. Qc4 Kh7 20. Qxc6 Rfd8 21. Qxd7 Rxd7 22. Rc6 Rad8 23. Rfc1 Kg8 24. Rc8 Bf6 25. Kf1 Kg7 26. Ke2 Be7 27. Kd3 b5 28. R1c7 a6 29. Rxd7 Rxd7 30. Rc6 Rd6 31. Rxd6 Bxd6 32. e4 fxe4+ 33. Kxe4 Kf6 34. Kd5 Bf8 35. Kc6 Kf5 36. f3 b4 37. Nd3 f6 38. d5 g5 39. d6 g4 40. d7 Be7 41. f4 Ke4 42. Nxb4 Kf3 43. Kc7 Bxb4 44. Kb6 Be7 45. Kxa6 Kxg3 46. b4 Kf3 47. b5 g3 48. b6 g2 49. b7 g1=Q 50. b8=Q Qf1+ 51. Kb7 Qb1+ 52. Kc8 Qxa2 53. Qb7+ Kxf4 54. d8=Q Bxd8 55. Qb4+ Ke5 56. Kxd8 Qd5+ 57. Kc7 Qf7+ 58. Kd8 Qg8+ 59. Kd7 Qg4+ 60. Qxg4 hxg4 61. Ke7 g3 62. Kf7 g2 63. h5 g1=Q 64. h6 Qa7+ 65. Kg6 f5 66. h7 Qxh7+ 67. Kxh7 f4 68. Kg6 f3 69. Kg5 f2 70. Kg4 f1=Q 71. Kg3 Qf4+ 72. Kg2 Qe3 73. Kh2 Kf4 74. Kh1 Qe2 0-1

[Event "FIDE WCCC Girls-10 2024"]
[Site "Montesilvano"]
[Date "2024.11.25"]
[Round "10.2"]
[White "Sholpanbek, Zhansaya"]
[Black "Berikkyzy Alanna"]
[Result "1/2-1/2"]
[ECO "D02"]
[WhiteElo "1657"]
[BlackElo "2043"]
[Annotator "RC"]
[PlyCount "130"]
[EventDate "2024.11.18"]
[EventType "swiss"]
[EventCountry "ITA"]
[SourceTitle "playchess.com"]
[Source "ChessBase"]
[SourceQuality "1"]
[TimeControl "5400+30"]

1. d4 d5 2. Bf4 Nf6 3. e3 e6 4. c3 Bd6 5. Bg3 O-O 6. Nd2 c5 7. Ngf3 Qc7 8. Bd3 Nbd7 9. Bxd6 Qxd6 10. O-O e5 11. dxe5 Nxe5 12. Be2 Rd8 13. Qc2 Be6 14. Rfd1 Nxf3+ 15. Nxf3 Rac8 16. c4 Qe7 17. Ng5 h6 18. Nxe6 fxe6 19. Bf3 Qf7 20. Qb3 b6 21. a4 d4 22. a5 e5 23. axb6 axb6 24. Qxb6 e4 25. Ra7 Nd7 26. Rxd7 Qxd7 27. Bxe4 Qd6 28. Bd5+ Kh8 29. Qxd6 Rxd6 30. exd4 cxd4 31. g3 Rb6 32. Rxd4 Rxb2 33. Re4 Rf8 34. Rf4 Rxf4 35. gxf4 g6 36. Kg2 Kg7 37. h4 Rb3 38. f3 Kf6 39. Kg3 Rc3 40. Kf2 Ke7 41. Kg3 Kf6 42. Kg2 Rc1 43. Kh2 Rc3 44. Kg2 Rc2+ 45. Kg3 Rd2 46. Kh3 Rd4 47. Kg4 g5 48. hxg5+ hxg5 49. Be4 gxf4 50. Kxf4 Rxc4 51. Kg4 Ke5 52. Kg3 Rc8 53. Kf2 Kf4 54. Ke2 Rh8 55. Kd2 Rh2+ 56. Kd3 Ra2 57. Kd4 Rd2+ 58. Kc4 Ke3 59. Kc3 Rd8 60. Kc4 Rd7 61. Kc5 Rc7+ 62. Kd5 Rd7+ 63. Kc5 Rd4 64. Kb5 Rxe4 65. fxe4 Kxe4 1/2-1/2

[Event "FIDE WCCC Girls-10 2024"]
[Site "Montesilvano"]
[Date "2024.11.25"]
[Round "10.3"]
[White "Anistoroaei, Maria"]
[Black "Filippova, Milana"]
[Result "*"]
[ECO "B31"]
[WhiteElo "1715"]
[BlackElo "1687"]
[Annotator "NA RC"]
[PlyCount "43"]
[EventDate "2024.11.18"]
[EventType "swiss"]
[EventCountry "ITA"]
[SourceTitle "playchess.com"]
[Source "ChessBase"]
[SourceQuality "1"]
[TimeControl "5400+30"]

1. e4 c5 2. Nf3 Nc6 3. Bb5 g6 4. Bxc6 dxc6 5. d3 Bg7 6. h3 e5 7. O-O Qe7 8. Nc3 Nf6 9. Be3 O-O 10. Qd2 Ne8 11. Nh2 Nc7 12. Bh6 Ne6 13. Bxg7 Kxg7 14. Ne2 Nd4 15. f4 Nxe2+ 16. Qxe2 exf4 17. Rxf4 Qe5 18. Raf1 Qxb2 19. Qd2 Qd4+ 20. Kh1 f6 21. Nf3 Qd8 22. Qc3 *

[Event "FIDE WCCC Girls-10 2024"]
[Site "Montesilvano"]
[Date "2024.11.25"]
[Round "10.3"]
[White "Nguyen Doan, Bao Anh Angelina"]
[Black "Peng, Jingyi(Gd)"]
[Result "1-0"]
[ECO "B31"]
[WhiteElo "1628"]
[BlackElo "1720"]
[Annotator "NA RC"]
[PlyCount "155"]
[EventDate "2024.11.18"]
[EventType "swiss"]
[EventCountry "ITA"]
[SourceTitle "playchess.com"]
[Source "ChessBase"]
[SourceQuality "1"]
[TimeControl "5400+30"]

1. e4 c5 2. Nf3 Nc6 3. Bb5 g6 4. Bxc6 dxc6 5. d3 Bg7 6. h3 e5 7. O-O Qe7 8. Nc3 Nf6 9. Be3 O-O 10. Qd2 Ne8 11. Nh2 Nc7 12. Bh6 Ne6 13. Bxg7 Kxg7 14. Ne2 Nd4 15. f4 Nxe2+ 16. Qxe2 exf4 17. Rxf4 Qe5 18. Raf1 Qxb2 19. Qd2 Qd4+ 20. Kh1 f6 21. Nf3 Qd8 22. Qc3 Qe7 23. e5 f5 24. Nd2 Be6 25. a3 Rae8 26. R4f2 b6 27. Nf3 a5 28. Rb1 Rb8 29. d4 c4 30. Nd2 b5 31. Qxa5 Ra8 32. Qb4 Qxb4 33. axb4 Ra2 34. c3 Rc2 35. Ne4 Rxf2 36. Nxf2 Ra8 37. Rc1 Ra2 38. Kg1 g5 39. Nd1 Bd5 40. Nf2 g4 41. hxg4 fxg4 42. g3 h5 43. Re1 Kf7 44. Ne4 Rc2 45. Nd6+ Ke6 46. Re3 Bf3 47. Ne8 Rc1+ 48. Kf2 Rc2+ 49. Ke1 Ke7 50. Ng7 Rc1+ 51. Kd2 Rh1 52. Nf5+ Ke6 53. Ng7+ Ke7 54. e6 Rh2+ 55. Ke1 Rh1+ 56. Kf2 Rh2+ 57. Kg1 Re2 58. Nf5+ Kf6 59. Rxe2 Bxe2 60. e7 Kf7 61. Kf2 Bd3 62. e8=Q+ Kxe8 63. Ng7+ Ke7 64. Nxh5 Bc2 65. Ke3 Ke6 66. Kf4 Bd1 67. Ng7+ Kf6 68. Nf5 Ke6 69. Ne3 Be2 70. Nxg4 Kd5 71. Nf6+ Ke6 72. Ne4 Kd5 73. Nf2 Ke6 74. g4 Kf6 75. g5+ Kg6 76. Ng4 Bd3 77. Ne5+ Kh5 78. Nxc6 1-0

[Event "FIDE WCCC Girls-10 2024"]
[Site "Montesilvano"]
[Date "2024.11.25"]
[Round "10.4"]
[White "Anistoroaei, Maria"]
[Black "Filippova, Milana"]
[Result "0-1"]
[ECO "C54"]
[WhiteElo "1715"]
[BlackElo "1687"]
[Annotator "NA RC"]
[PlyCount "104"]
[EventDate "2024.11.18"]
[EventType "swiss"]
[EventCountry "ITA"]
[SourceTitle "playchess.com"]
[Source "ChessBase"]
[SourceQuality "1"]
[TimeControl "5400+30"]

1. e4 e5 2. Nf3 Nc6 3. Bc4 Bc5 4. c3 d6 5. d3 Nf6 6. O-O O-O 7. Nbd2 h6 8. h3 a6 9. Re1 b5 10. Bb3 Re8 11. Nf1 Na5 12. Bc2 Bb6 13. b4 Nc6 14. a4 Bb7 15. Be3 bxa4 16. Bxa4 d5 17. exd5 Nxd5 18. Bd2 Re6 19. Bxc6 Bxc6 20. Nxe5 Bxf2+ 21. Kxf2 Rxe5 22. Rxe5 Qf6+ 23. Qf3 Qxe5 24. d4 Qd6 25. c4 Nxb4 26. d5 Bd7 27. Ne3 Nd3+ 28. Kg1 Ne5 29. Qg3 Nxc4 30. Qxd6 Nxd6 31. Ba5 Nb5 32. Rc1 Rc8 33. Nc4 Nd4 34. Re1 Bb5 35. Nd2 Ne2+ 36. Kf2 Nf4 37. Kf3 Nxd5 38. Rc1 c5 39. Nb3 c4 40. Nd4 Re8 41. Nf5 Re6 42. Rd1 Nf6 43. Bb4 Kh7 44. Nd6 Bc6+ 45. Kf4 Nd5+ 46. Kf5 Nxb4 47. Nxc4 Bxg2 48. h4 h5 49. Nd6 Nd5 50. Nxf7 Bh3+ 51. Kg5 Rg6+ 52. Kxh5 Nf4# 0-1

[Event "FIDE WCCC Girls-10 2024"]
[Site "Montesilvano"]
[Date "2024.11.25"]
[Round "10.4"]
[White "Nguyen Doan, Bao Anh Angelina"]
[Black "Peng, Jingyi(Gd)"]
[Result "*"]
[ECO "C54"]
[WhiteElo "1628"]
[BlackElo "1720"]
[Annotator "NA RC"]
[PlyCount "42"]
[EventDate "2024.11.18"]
[EventType "swiss"]
[EventCountry "ITA"]
[SourceTitle "playchess.com"]
[Source "ChessBase"]
[SourceQuality "1"]
[TimeControl "5400+30"]

1. e4 e5 2. Nf3 Nc6 3. Bc4 Bc5 4. c3 d6 5. d3 Nf6 6. O-O O-O 7. Nbd2 h6 8. h3 a6 9. Re1 b5 10. Bb3 Re8 11. Nf1 Na5 12. Bc2 Bb6 13. b4 Nc6 14. a4 Bb7 15. Be3 bxa4 16. Bxa4 d5 17. exd5 Nxd5 18. Bd2 Re6 19. Bxc6 Bxc6 20. Nxe5 Bxf2+ 21. Kxf2 Rxe5 *

[Event "FIDE WCCC Girls-10 2024"]
[Site "Montesilvano"]
[Date "2024.11.25"]
[Round "10.5"]
[White "Khusnitdinova, Husnorakhon"]
[Black "Zhumambayeva Aliya"]
[Result "1-0"]
[ECO "B33"]
[WhiteElo "1626"]
[BlackElo "1607"]
[Annotator "NA RC"]
[PlyCount "101"]
[EventDate "2024.11.18"]
[EventType "swiss"]
[EventCountry "ITA"]
[SourceTitle "playchess.com"]
[Source "ChessBase"]
[SourceQuality "1"]
[TimeControl "5400+30"]

1. e4 c5 2. Nf3 Nc6 3. d4 cxd4 4. Nxd4 Nf6 5. Nc3 e5 6. Ndb5 d6 7. Bg5 a6 8. Na3 b5 9. Nd5 Be7 10. Bxf6 Bxf6 11. Be2 O-O 12. c3 Be6 13. O-O Rc8 14. Nc2 Na5 15. Ncb4 Bxd5 16. Qxd5 Qb6 17. Rfd1 Rfd8 18. a4 Nc4 19. axb5 axb5 20. Ra6 Qc5 21. Bxc4 bxc4 22. Rxd6 Rxd6 23. Qxd6 Qxd6 24. Rxd6 Be7 25. Rc6 Ra8 26. Ra6 Rb8 27. Nc6 Re8 28. Nxe7+ Kf8 29. Nd5 Rc8 30. Nb6 Rd8 31. Ra8 Rxa8 32. Nxa8 Ke7 33. Nb6 Ke6 34. Nxc4 f6 35. b4 Kd7 36. b5 Kc7 37. Nb2 Kb6 38. c4 g6 39. Na4+ Kc7 40. c5 Kd7 41. Nb6+ Kc7 42. Nd5+ Kb7 43. c6+ Kc8 44. b6 Kb8 45. Ne7 g5 46. c7+ Kb7 47. c8=Q+ Kxb6 48. Qc6+ Ka5 49. Nd5 h6 50. Qb6+ Ka4 51. Qb4# 1-0

[Event "FIDE WCCC Girls-10 2024"]
[Site "Montesilvano"]
[Date "2024.11.25"]
[Round "10.6"]
[White "Yunker, Alisa Genrietta"]
[Black "Mukhorina, Mariya Dm"]
[Result "1-0"]
[ECO "B22"]
[WhiteElo "1872"]
[BlackElo "1567"]
[Annotator "NA RC"]
[PlyCount "121"]
[EventDate "2024.11.18"]
[EventType "swiss"]
[EventCountry "ITA"]
[SourceTitle "playchess.com"]
[Source "ChessBase"]
[SourceQuality "1"]
[TimeControl "5400+30"]

1. e4 c5 2. Nf3 Nc6 3. c3 d5 4. exd5 Qxd5 5. d4 e6 6. Be2 Nf6 7. O-O Be7 8. Be3 cxd4 9. cxd4 O-O 10. Nc3 Qd8 11. Ne5 Nb4 12. Bf3 Nbd5 13. Bg5 Nb6 14. Qd3 h6 15. Bh4 Nfd5 16. Bxe7 Qxe7 17. Nxd5 exd5 18. Rfe1 Qg5 19. Qe3 Qxe3 20. Rxe3 Bf5 21. Rc3 Rfc8 22. Rac1 Rxc3 23. Rxc3 Rc8 24. Rxc8+ Bxc8 25. Kf1 Kf8 26. Ke2 Ke7 27. Bg4 Bxg4+ 28. Nxg4 Ke6 29. Kd3 Nc4 30. b3 Nd6 31. f3 Nf5 32. g3 Ne7 33. Ne3 Nc6 34. a3 b6 35. b4 a6 36. Kc3 Na7 37. Nc2 Nb5+ 38. Kd3 Nd6 39. a4 Nc4 40. a5 b5 41. Na1 Nd6 42. Nb3 Nb7 43. Nc5+ Nxc5+ 44. dxc5 h5 45. f4 f6 46. Kd4 g6 47. h3 g5 48. f5+ Kxf5 49. Kxd5 h4 50. gxh4 gxh4 51. c6 Kf4 52. c7 Kg3 53. c8=Q Kf4 54. Qg4+ Ke3 55. Qe4+ Kf2 56. Kd4 Kg3 57. Ke3 Kxh3 58. Qf3+ Kh2 59. Kf2 h3 60. Qg3+ Kh1 61. Qxh3# 1-0

[Event "FIDE WCCC Girls-10 2024"]
[Site "Montesilvano"]
[Date "2024.11.25"]
[Round "10.7"]
[White "Nandinjiguur, Chinzorig"]
[Black "Sun, Yucan(Sd)"]
[Result "1-0"]
[ECO "D70"]
[WhiteElo "1807"]
[BlackElo "1725"]
[Annotator "NA RC"]
[PlyCount "145"]
[EventDate "2024.11.18"]
[EventType "swiss"]
[EventCountry "ITA"]
[SourceTitle "playchess.com"]
[Source "ChessBase"]
[SourceQuality "1"]
[TimeControl "5400+30"]

1. d4 Nf6 2. c4 c6 3. Nf3 d5 4. e3 g6 5. b3 Bg7 6. Bd3 O-O 7. O-O c5 8. Bb2 cxd4 9. Bxd4 Nc6 10. Bc3 Bg4 11. h3 Bxf3 12. Qxf3 e5 13. cxd5 Nxd5 14. Rd1 Nxc3 15. Nxc3 e4 16. Bxe4 Qa5 17. b4 Nxb4 18. Rac1 Bxc3 19. Rxc3 Nxa2 20. Rc2 Nb4 21. Rcd2 Nc6 22. Bxc6 bxc6 23. Qxc6 Qe5 24. Qa6 Qc5 25. Rd5 Qc7 26. Rd7 Qb6 27. Qxb6 axb6 28. Rb1 Rfb8 29. Rd5 Kf8 30. f4 Ke7 31. Kf2 Ke6 32. e4 Ra4 33. Re5+ Kf6 34. Ke3 Ra2 35. g3 Ra3+ 36. Kf2 Ra2+ 37. Kg1 Ra3 38. Kg2 Ra2+ 39. Kf3 Ra3+ 40. Kg4 h5+ 41. Kh4 Kg7 42. Reb5 Rc8 43. R5b3 Ra5 44. Rxb6 f6 45. R6b5 Rc5 46. Rxa5 Rxa5 47. g4 g5+ 48. fxg5 Rxg5 49. Rf1 hxg4 50. hxg4 Re5 51. Rf4 Kg6 52. Kg3 Kg7 53. Kf3 Kg6 54. Rf5 Re6 55. Kf4 Kg7 56. Rc5 Re7 57. Kf5 Rf7 58. Rc6 Rf8 59. Rc7+ Kh6 60. Rd7 Rg8 61. Kxf6 Rxg4 62. e5 Rf4+ 63. Ke7 Kg6 64. Rd6+ Kg7 65. e6 Re4 66. Kd7 Kf6 67. Rd3 Ra4 68. Rf3+ Ke5 69. e7 Ra7+ 70. Ke8 Kd6 71. Rd3+ Ke6 72. Re3+ Kf6 73. Kf8 1-0

[Event "FIDE WCCC Girls-10 2024"]
[Site "Montesilvano"]
[Date "2024.11.25"]
[Round "10.8"]
[White "Pooja Shree R"]
[Black "Pham, Nhu Y"]
[Result "1-0"]
[ECO "B12"]
[WhiteElo "1615"]
[BlackElo "1914"]
[Annotator "NA RC"]
[PlyCount "69"]
[EventDate "2024.11.18"]
[EventType "swiss"]
[EventCountry "ITA"]
[SourceTitle "playchess.com"]
[Source "ChessBase"]
[SourceQuality "1"]
[TimeControl "5400+30"]

1. e4 c6 2. d4 d5 3. e5 c5 4. c3 Nc6 5. Be2 e6 6. Nf3 Nge7 7. O-O Nf5 8. Be3 c4 9. b3 b5 10. a4 Qa5 11. Qc2 Rb8 12. Nbd2 b4 13. bxc4 bxc3 14. Nb3 Qb4 15. Rfb1 Be7 16. cxd5 Nxe3 17. fxe3 exd5 18. Nc5 Qa5 19. Bb5 Bd7 20. e6 fxe6 21. Nxd7 Rxb5 22. axb5 Nb4 23. Qxc3 Qxb5 24. Rxa7 Qc4 25. Ra8+ Bd8 26. Qxb4 Qxb4 27. Rxb4 Kxd7 28. Rb7+ Kc6 29. Rbb8 h5 30. Ne5+ Kc7 31. Rc8+ Kb7 32. Rab8+ Ka6 33. Rc1 Rh6 34. Ra1+ Ba5 35. Nc6 1-0

[Event "FIDE WCCC Girls-10 2024"]
[Site "Montesilvano"]
[Date "2024.11.25"]
[Round "10.9"]
[White "Rekhviashvili, Mariam"]
[Black "Bhavanya Panchumarthi"]
[Result "1-0"]
[ECO "B15"]
[WhiteElo "1610"]
[BlackElo "1703"]
[Annotator "NA RC"]
[PlyCount "119"]
[EventDate "2024.11.18"]
[EventType "swiss"]
[EventCountry "ITA"]
[SourceTitle "playchess.com"]
[Source "ChessBase"]
[SourceQuality "1"]
[TimeControl "5400+30"]

1. e4 c6 2. d4 d5 3. Nc3 dxe4 4. Nxe4 Nf6 5. Nxf6+ exf6 6. c3 Bd6 7. Bd3 O-O 8. Qc2 Re8+ 9. Ne2 h5 10. O-O h4 11. h3 Nd7 12. Bd2 Nf8 13. Rae1 Bc7 14. Qc1 Be6 15. c4 Qd7 16. Bf4 Ng6 17. Bxg6 fxg6 18. d5 Bf5 19. Bxc7 Qxc7 20. dxc6 Bd3 21. cxb7 Qxb7 22. Nd4 Bxf1 23. Rxf1 Rad8 24. Nb5 a6 25. Nc3 Qc6 26. b3 Rd3 27. Nd5 Rd4 28. Qa3 Rde4 29. Qa5 R4e5 30. Qb4 Kh7 31. Qd2 Qc8 32. Kh1 Qf5 33. Nc3 g5 34. Qd1 Kh6 35. Nd5 Rd8 36. Ne3 Qc8 37. Ng4+ Kh7 38. Qb1+ Qf5 39. Nxe5 Qxb1 40. Rxb1 fxe5 41. Kg1 Rd2 42. a4 Kg6 43. Kf1 Kf5 44. Rc1 Rd3 45. Rb1 Rc3 46. Ke2 Ke4 47. Kd2 Rd3+ 48. Kc2 Rd6 49. Re1+ Kf4 50. Rd1 Rc6 51. Rd7 g6 52. Kc3 Rf6 53. b4 g4 54. hxg4 Kxg4 55. Rd2 h3 56. gxh3+ Kxh3 57. b5 g5 58. c5 g4 59. c6 axb5 60. axb5 1-0

[Event "FIDE WCCC Girls-10 2024"]
[Site "Montesilvano"]
[Date "2024.11.25"]
[Round "10.10"]
[White "Kuvandikova, Nafisa"]
[Black "Bakhshi, Rana"]
[Result "0-1"]
[ECO "B77"]
[WhiteElo "1512"]
[BlackElo "1727"]
[Annotator "NA RC"]
[PlyCount "86"]
[EventDate "2024.11.18"]
[EventType "swiss"]
[EventCountry "ITA"]
[SourceTitle "playchess.com"]
[Source "ChessBase"]
[SourceQuality "1"]
[TimeControl "5400+30"]

1. e4 c5 2. Nf3 d6 3. d4 cxd4 4. Nxd4 Nf6 5. Nc3 g6 6. Be3 Bg7 7. f3 Nc6 8. Qd2 O-O 9. Bc4 Nxd4 10. Bxd4 Be6 11. Bxe6 fxe6 12. O-O-O Qa5 13. g4 b5 14. Kb1 b4 15. Ne2 Qb5 16. h4 a5 17. Be3 a4 18. c3 a3 19. cxb4 axb2 20. Nd4 Qa4 21. Qxb2 Rfb8 22. Bd2 Nd7 23. Bc3 Nb6 24. Qb3 d5 25. Rd2 Nc4 26. Rdd1 Na3+ 27. Kb2 Nc4+ 28. Kb1 Ra6 29. Qxa4 Rxa4 30. Rh2 dxe4 31. fxe4 Rd8 32. g5 e5 33. Rd3 exd4 34. Be1 Ne5 35. Rd1 Nf3 36. Rb2 d3 37. Rb3 Nxe1 38. Rxe1 d2 39. Rd1 Ra6 40. b5 Ra4 41. b6 Rxe4 42. Kc2 Rc4+ 43. Kb1 Rdc8 0-1

[Event "FIDE WCCC Girls-10 2024"]
[Site "Montesilvano"]
[Date "2024.11.25"]
[Round "10.11"]
[White "Cetin, Beren"]
[Black "Shtepa, Liubov"]
[Result "1-0"]
[ECO "C44"]
[WhiteElo "1658"]
[BlackElo "1615"]
[Annotator "NA RC"]
[PlyCount "39"]
[EventDate "2024.11.18"]
[EventType "swiss"]
[EventCountry "ITA"]
[SourceTitle "playchess.com"]
[Source "ChessBase"]
[SourceQuality "1"]
[TimeControl "5400+30"]

1. e4 e5 2. Nf3 Nc6 3. d4 exd4 4. Bc4 Bb4+ 5. c3 dxc3 6. O-O Nge7 7. a3 Ba5 8. b4 Bb6 9. b5 Na5 10. Ba2 O-O 11. Bg5 d6 12. e5 h6 13. Bh4 Bc5 14. Nxc3 Bg4 15. Ne4 Bxf3 16. Qxf3 Bd4 17. Nf6+ gxf6 18. Bxf6 Qd7 19. Qg3+ Ng6 20. Qxg6# 1-0

[Event "FIDE WCCC Girls-10 2024"]
[Site "Montesilvano"]
[Date "2024.11.25"]
[Round "10.12"]
[White "Jaksa, Ema"]
[Black "Yi, Ruiyu"]
[Result "1-0"]
[ECO "B23"]
[WhiteElo "1635"]
[BlackElo "1571"]
[Annotator "NA RC"]
[PlyCount "93"]
[EventDate "2024.11.18"]
[EventType "swiss"]
[EventCountry "ITA"]
[SourceTitle "playchess.com"]
[Source "ChessBase"]
[SourceQuality "1"]
[TimeControl "5400+30"]

1. e4 c5 2. Nc3 d6 3. g3 Nc6 4. Bg2 Nf6 5. d3 e6 6. Nge2 Be7 7. O-O a6 8. d4 cxd4 9. Nxd4 O-O 10. Be3 Bd7 11. f4 Rc8 12. Kh1 b5 13. a3 Qc7 14. Qe2 Nxd4 15. Bxd4 e5 16. Be3 exf4 17. Bxf4 Bc6 18. Rad1 Rfe8 19. Rd2 Qb7 20. Rfd1 h6 21. h3 Bf8 22. Bxd6 Bxd6 23. Rxd6 Nxe4 24. Nxe4 Bxe4 25. Bxe4 Rxe4 26. Qg2 Qe7 27. Qd2 Qe5 28. Rd8+ Rxd8 29. Qxd8+ Kh7 30. Qd3 f5 31. g4 Re1+ 32. Rxe1 Qxe1+ 33. Kg2 Qe4+ 34. Qxe4 fxe4 35. Kf2 Kg6 36. Ke3 Kg5 37. Kxe4 Kh4 38. b3 Kxh3 39. c4 bxc4 40. bxc4 Kxg4 41. c5 h5 42. c6 h4 43. c7 h3 44. c8=Q+ Kg3 45. Qc3+ Kg2 46. Qd2+ Kg1 47. Kf3 1-0

[Event "FIDE WCCC Girls-10 2024"]
[Site "Montesilvano"]
[Date "2024.11.25"]
[Round "10.13"]
[White "Li, Wan Qin"]
[Black "Norkulova, Malika"]
[Result "0-1"]
[ECO "D02"]
[WhiteElo "1628"]
[BlackElo "1480"]
[Annotator "NA RC"]
[PlyCount "116"]
[EventDate "2024.11.18"]
[EventType "swiss"]
[EventCountry "ITA"]
[SourceTitle "playchess.com"]
[Source "ChessBase"]
[SourceQuality "1"]
[TimeControl "5400+30"]

1. Nf3 d5 2. d4 Bg4 3. Bf4 Nf6 4. Ne5 Bf5 5. e3 e6 6. Bd3 Bxd3 7. cxd3 c6 8. O-O Bd6 9. Nc3 O-O 10. Qf3 Qc7 11. e4 a6 12. Rac1 Rd8 13. g4 Qe7 14. Rce1 Bc7 15. g5 Ne8 16. exd5 cxd5 17. Ng4 Nc6 18. Qe3 Bxf4 19. Qxf4 Qb4 20. Ne2 Qxb2 21. h4 Nd6 22. Ne3 Nb5 23. Nd1 Qxa2 24. h5 Qa3 25. h6 Qxd3 26. hxg7 Nbxd4 27. Ne3 Qe4 28. Qxe4 dxe4 29. Nxd4 Nxd4 30. Rb1 b5 31. Kg2 Kxg7 32. Rfd1 Nf3 33. Rxd8 Rxd8 34. Ra1 Ra8 35. Nc2 a5 36. Na3 b4 37. Nc4 b3 38. Ra3 a4 39. Nb2 Ne1+ 40. Kf1 Nd3 41. Rxa4 Rxa4 42. Nxa4 Kg6 43. Ke2 Kxg5 44. Ke3 h5 45. Kxe4 Nxf2+ 46. Kf3 Nd1 47. Ke2 b2 48. Nxb2 Nxb2 49. Kf3 f5 50. Kg3 f4+ 51. Kf3 h4 52. Ke4 h3 53. Ke5 h2 54. Kxe6 h1=Q 55. Kf7 f3 56. Kg7 Qh5 57. Kg8 Kf6 58. Kf8 Qf7# 0-1

[Event "FIDE WCCC Girls-10 2024"]
[Site "Montesilvano"]
[Date "2024.11.25"]
[Round "10.14"]
[White "Zhang, Weiai"]
[Black "Nguyen, Lam Vy Le"]
[Result "1-0"]
[ECO "C64"]
[WhiteElo "1488"]
[BlackElo "1728"]
[Annotator "NA RC"]
[PlyCount "187"]
[EventDate "2024.11.18"]
[EventType "swiss"]
[EventCountry "ITA"]
[SourceTitle "playchess.com"]
[Source "ChessBase"]
[SourceQuality "1"]
[TimeControl "5400+30"]

1. e4 e5 2. Nf3 Nc6 3. Bb5 a6 4. Ba4 Bc5 5. O-O Nge7 6. c3 Ng6 7. d4 Ba7 8. Bg5 f6 9. Be3 O-O 10. Bb3+ Kh8 11. Nbd2 Nce7 12. d5 d6 13. Re1 Bxe3 14. fxe3 f5 15. Ng5 h6 16. Qh5 Kg8 17. Ne6 Bxe6 18. dxe6 Qe8 19. Rf1 f4 20. exf4 Nxf4 21. Qg4 Rf6 22. g3 Rg6 23. Qh4 Kh8 24. Nf3 Nc6 25. Kh1 Nxe6 26. Qh5 Rf6 27. Qg4 Na5 28. Bxe6 Qxe6 29. Qxe6 Rxe6 30. Nh4 Rf6 31. Rxf6 gxf6 32. Rf1 Kg7 33. Nf5+ Kg6 34. Ne7+ Kg7 35. Nd5 c6 36. Nxf6 Nc4 37. Rf2 Rf8 38. Nh5+ Kg8 39. Re2 Kh7 40. g4 Rf1+ 41. Kg2 Rf8 42. Ng3 Rf6 43. h3 Kg6 44. Nf5 h5 45. Kg3 hxg4 46. hxg4 Rf7 47. b3 Nb6 48. Nxd6 Rd7 49. Rd2 Nc8 50. Nc4 Rxd2 51. Nxd2 Nb6 52. Nf3 Nd7 53. Kh4 Nc5 54. Nd2 b5 55. g5 Nd3 56. Kg4 c5 57. Kh4 a5 58. a3 a4 59. b4 cxb4 60. cxb4 Ne1 61. Kg4 Nd3 62. Nf3 Nf2+ 63. Kh4 Nxe4 64. Nxe5+ Kf5 65. Nc6 Nxg5 66. Nd4+ Kf6 67. Nxb5 Ne4 68. Kg4 Ke5 69. Kf3 Kd5 70. Ke3 Ke5 71. Kd3 Nf2+ 72. Kc4 Ne4 73. Nc3 Nd2+ 74. Kd3 Nb3 75. Nxa4 Kd5 76. Kc3 Nc1 77. Kc2 Ne2 78. Nc3+ Nxc3 79. Kxc3 Kc6 80. a4 Kb6 81. Kc4 Kc6 82. a5 Kc7 83. Kc5 Kb7 84. b5 Ka7 85. b6+ Ka8 86. Kc6 Kb8 87. b7 Ka7 88. Kc7 Ka6 89. b8=Q Kxa5 90. Kc6 Ka4 91. Kc5 Ka3 92. Kc4 Ka2 93. Kc3 Ka1 94. Qb2# 1-0

[Event "FIDE WCCC Girls-10 2024"]
[Site "Montesilvano"]
[Date "2024.11.25"]
[Round "10.15"]
[White "Bayramova, Aya"]
[Black "Rosset, Anna"]
[Result "0-1"]
[ECO "D13"]
[WhiteElo "1634"]
[BlackElo "1814"]
[Annotator "NA RC"]
[PlyCount "116"]
[EventDate "2024.11.18"]
[EventType "swiss"]
[EventCountry "ITA"]
[SourceTitle "playchess.com"]
[Source "ChessBase"]
[SourceQuality "1"]
[TimeControl "5400+30"]

1. d4 d5 2. c4 c6 3. cxd5 cxd5 4. Nc3 Nf6 5. Bf4 Nc6 6. e3 a6 7. Bd3 e6 8. Nf3 Be7 9. Rc1 O-O 10. O-O Bd7 11. Ne5 Rc8 12. Qf3 Nb4 13. Bb1 h6 14. g4 Nh7 15. Bxh7+ Kxh7 16. Kh1 f6 17. Nxd7 Qxd7 18. Rcd1 Rc4 19. Kg2 Qc8 20. e4 e5 21. Bg3 dxe4 22. Qxe4+ Kh8 23. Nd5 Qc6 24. Nc3 Rxc3 25. d5 Qc4 26. Qxc4 Rxc4 27. a3 Nc2 28. d6 Bd8 29. Rc1 Bb6 30. b3 Rc6 31. Rfd1 Nxa3 32. Rxc6 bxc6 33. f4 exf4 34. Bxf4 Nb5 35. b4 Rd8 36. Rc1 Nd4 37. Ra1 Ra8 38. Be3 Nc2 39. Bxb6 Nxa1 40. d7 Nc2 41. d8=Q+ Rxd8 42. Bxd8 Nxb4 43. Ba5 c5 44. Kf3 Nc6 45. Bc3 Ne5+ 46. Kf4 Kg8 47. h4 g5+ 48. hxg5 hxg5+ 49. Kf5 Kf7 50. Ba5 Nc6 51. Bc3 Nd4+ 52. Ke4 Ke6 53. Bd2 Nc6 54. Bc3 Ne5 55. Ba5 Nxg4 56. Bb6 f5+ 57. Kf3 Ne5+ 58. Ke3 Nc4+ 0-1

[Event "FIDE WCCC Girls-10 2024"]
[Site "Montesilvano"]
[Date "2024.11.25"]
[Round "10.16"]
[White "Afandi, Sadagul"]
[Black "Samhita Pungavanam"]
[Result "0-1"]
[ECO "B13"]
[WhiteElo "1625"]
[BlackElo "1752"]
[Annotator "NA RC"]
[PlyCount "98"]
[EventDate "2024.11.18"]
[EventType "swiss"]
[EventCountry "ITA"]
[SourceTitle "playchess.com"]
[Source "ChessBase"]
[SourceQuality "1"]
[TimeControl "5400+30"]

1. e4 c6 2. d4 d5 3. exd5 cxd5 4. Bd3 Nc6 5. c3 e5 6. dxe5 Nxe5 7. Qe2 Qe7 8. Bc2 Bg4 9. Qe3 g6 10. Ba4+ Kd8 11. Ne2 Bh6 12. f4 Bxe2 13. Kxe2 Nc4 14. Qxe7+ Nxe7 15. g3 a6 16. Nd2 b5 17. Bc2 Re8 18. Kf2 Nc6 19. Nf3 Kc7 20. b3 Nd6 21. Ne5 Bg7 22. Be3 Nxe5 23. fxe5 Bxe5 24. Rad1 Ne4+ 25. Bxe4 dxe4 26. Bd4 f5 27. Ke3 Bxd4+ 28. Rxd4 Rad8 29. Rc1 Rxd4 30. cxd4+ Kd7 31. h4 Rc8 32. Rc5 Rxc5 33. dxc5 b4 34. Kd4 Kc6 35. Kc4 a5 36. Kd4 h6 37. Kc4 g5 38. hxg5 hxg5 39. Kd4 g4 40. Ke3 Kxc5 41. Ke2 Kd4 42. Ke1 Ke3 43. a4 bxa3 44. b4 a2 45. Kf1 a1=Q+ 46. Kg2 Ke2 47. bxa5 Qf1+ 48. Kh2 Kf2 49. a6 Qg2# 0-1